[ AOE2 MATCH · #484484635 ]
Team RMJapanese vs Japanese
[ REPLAY ANALYSIS · EXTRACTED FROM THE RECORDED GAME ]
Feudal
13:09
Castle
17:59
Imperial
—
| APM avg | 16.0 |
| APM peak | 54 |
| eAPM avg | 10.0 |
| Villagers / military | 46 / 51 |
Focus
⚔️ 36.8% · 🌾 63.2%
Militia ×26 · Spearman ×16 · Battering Ram ×9
Feudal
9:46
Castle
23:11
Imperial
—
| APM avg | 30.8 |
| APM peak | 80 |
| eAPM avg | 13.7 |
| Villagers / military | 72 / 23 |
Focus
⚔️ 25.5% · 🌾 74.5%
Militia ×19 · Samurai ×4
Feudal
11:39
Castle
22:01
Imperial
—
| APM avg | 17.6 |
| APM peak | 55 |
| eAPM avg | 13.1 |
| Villagers / military | 73 / 31 |
Focus
⚔️ 20.3% · 🌾 79.7%
Cavalry Archer ×31
Feudal
11:20
Castle
—
Imperial
—
| APM avg | 10.4 |
| APM peak | 18 |
| eAPM avg | 8.1 |
| Villagers / military | 42 / 33 |
Focus
⚔️ 22.8% · 🌾 77.2%
Militia ×17 · Archer ×12 · Spearman ×4
Match map
Initial resources + every placement click. Lines = walls · curves = elevation contours. ◆ gold · ⬟ stone · ● berries · ✦ relic · ◌ wall gap
Your base· Open — 4t gap
hjvm1996's base· Open — 7t gap
Zylco's base· Open — unwalled flank
greg.e.schmitt's base· Open — unwalled flank
Smoothed initial terrain · ◌ = detected wall gap · hover for details
Inputs per minute
— cranks - - hjvm1996
Build order — cranks
First 150 of 159 actions detected
| 0:03 | Build | House |
| 0:05 | Create | Villager (Male) |
| 0:05 | Create | Villager (Male) |
| 0:05 | Create | Villager (Male) |
| 0:08 | Build | House |
| 0:27 | Create | Villager (Male) |
| 1:40 | Create | Villager (Male) |
| 2:05 | Create | Villager (Male) |
| 2:22 | Create | Villager (Male) |
| 2:22 | Create | Villager (Male) |
| 3:07 | Create | Villager (Male) |
| 3:08 | Create | Villager (Male) |
| 3:08 | Create | Villager (Male) |
| 3:08 | Create | Villager (Male) |
| 3:44 | Create | Villager (Male) |
| 3:45 | Create | Villager (Male) |
| 3:45 | Create | Villager (Male) |
| 4:12 | Build | Mill |
| 4:30 | Build | House |
| 4:33 | Build | House |
| 4:34 | Build | House |
| 4:35 | Build | House |
| 4:45 | Create | Villager (Male) |
| 4:45 | Create | Villager (Male) |
| 5:32 | Create | Villager (Male) |
| 6:04 | Create | Villager (Male) |
| 6:04 | Create | Villager (Male) |
| 6:20 | Build | Palisade Wall |
| 6:25 | Build | Palisade Wall |
| 6:25 | Build | Palisade Wall |
| 6:27 | Build | Palisade Wall |
| 6:30 | Build | Palisade Wall |
| 6:36 | Create | Villager (Male) |
| 6:36 | Create | Villager (Male) |
| 6:46 | Build | Lumber Camp |
| 7:04 | Build | Mill |
| 7:29 | Create | Villager (Male) |
| 7:31 | Create | Villager (Male) |
| 7:31 | Create | Villager (Male) |
| 7:42 | Create | Villager (Male) |
| 7:47 | Build | Farm |
| 7:50 | Build | Farm |
| 8:43 | Create | Villager (Male) |
| 8:43 | Create | Villager (Male) |
| 9:37 | Create | Villager (Male) |
| 9:37 | Create | Villager (Male) |
| 10:23 | Build | Farm |
| 10:24 | Build | Farm |
| 10:34 | Create | Villager (Male) |
| 10:44 | Research | Feudal Age |
| 10:54 | Build | House |
| 10:55 | Build | House |
| 10:56 | Build | House |
| 11:03 | Build | House |
| 11:05 | Build | House |
| 11:23 | Build | Mining Camp |
| 11:58 | Build | Farm |
| 11:59 | Build | Farm |
| 12:05 | Create | Villager (Male) |
| 12:05 | Create | Villager (Male) |
| 12:37 | Build | Farm |
| 12:40 | Build | Farm |
| 13:09 | Age | Feudal Age |
| 13:27 | Build | Market |
| 14:04 | Create | Villager (Male) |
| 14:04 | Create | Villager (Male) |
| 14:04 | Create | Villager (Male) |
| 14:04 | Create | Villager (Male) |
| 14:33 | Build | Blacksmith |
| 15:12 | Research | Castle Age |
| 15:17 | Research | Double-Bit Axe |
| 15:30 | Research | Horse Collar |
| 16:19 | Build | Barracks |
| 16:29 | Build | Farm |
| 16:40 | Create | Villager (Male) |
| 16:40 | Create | Villager (Male) |
| 16:52 | Build | Farm |
| 17:11 | Create | Militia |
| 17:11 | Create | Militia |
| 17:18 | Build | Barracks |
| 17:40 | Build | Farm |
| 17:42 | Create | Militia |
| 17:51 | Create | Villager (Male) |
| 17:51 | Create | Villager (Male) |
| 17:57 | Build | Farm |
| 17:59 | Age | Castle Age |
| 18:02 | Create | Militia |
| 18:12 | Research | Man-at-Arms (upgrade) |
| 18:13 | Create | Militia |
| 18:19 | Build | Siege Workshop |
| 18:28 | Create | Militia |
| 18:51 | Research | Squires |
| 19:09 | Create | Militia |
| 19:18 | Research | Gambesons |
| 19:27 | Build | Farm |
| 19:31 | Build | Farm |
| 19:33 | Create | Battering Ram |
| 19:38 | Build | Farm |
| 19:42 | Build | Farm |
| 19:44 | Create | Militia |
| 19:45 | Create | Militia |
| 19:55 | Create | Villager (Male) |
| 19:55 | Create | Villager (Male) |
| 20:10 | Create | Militia |
| 20:17 | Build | House |
| 20:20 | Build | House |
| 20:21 | Build | House |
| 20:22 | Build | House |
| 20:22 | Build | House |
| 20:24 | Build | House |
| 20:25 | Build | House |
| 20:29 | Create | Militia |
| 20:29 | Create | Militia |
| 20:34 | Create | Battering Ram |
| 20:36 | Create | Militia |
| 20:36 | Create | Militia |
| 20:48 | Create | Militia |
| 20:48 | Create | Militia |
| 20:56 | Create | Villager (Male) |
| 21:04 | Create | Spearman |
| 21:21 | Create | Villager (Male) |
| 21:32 | Create | Battering Ram |
| 21:32 | Create | Battering Ram |
| 21:37 | Create | Spearman |
| 21:39 | Create | Spearman |
| 22:04 | Create | Militia |
| 22:22 | Create | Battering Ram |
| 22:26 | Create | Spearman |
| 22:26 | Create | Spearman |
| 22:35 | Build | Farm |
| 22:40 | Create | Spearman |
| 22:41 | Create | Spearman |
| 22:54 | Create | Battering Ram |
| 22:54 | Create | Battering Ram |
| 22:57 | Create | Spearman |
| 22:57 | Create | Spearman |
| 23:20 | Create | Militia |
| 23:22 | Create | Militia |
| 23:34 | Create | Villager (Male) |
| 23:42 | Create | Battering Ram |
| 23:42 | Create | Battering Ram |
| 23:50 | Research | Forging |
| 23:51 | Research | Scale Mail Armor |
| 23:59 | Create | Spearman |
| 24:00 | Create | Spearman |
| 24:26 | Research | Long Swordsman (upgrade) |
| 25:47 | Create | Militia |
| 25:47 | Create | Militia |
| 25:47 | Create | Militia |
| 25:48 | Create | Militia |
Build order — hjvm1996
First 150 of 179 actions detected
| 0:12 | Create | Villager (Male) |
| 0:12 | Create | Villager (Male) |
| 0:12 | Create | Villager (Male) |
| 0:12 | Create | Villager (Male) |
| 0:15 | Build | House |
| 0:17 | Build | House |
| 1:44 | Create | Villager (Male) |
| 2:22 | Create | Villager (Male) |
| 2:22 | Create | Villager (Male) |
| 2:43 | Create | Villager (Male) |
| 2:43 | Create | Villager (Male) |
| 3:04 | Build | Lumber Camp |
| 3:11 | Create | Villager (Male) |
| 3:28 | Create | Villager (Male) |
| 3:56 | Build | House |
| 4:00 | Create | Villager (Male) |
| 4:01 | Create | Villager (Male) |
| 4:11 | Build | Mill |
| 4:31 | Create | Villager (Male) |
| 4:31 | Create | Villager (Male) |
| 4:59 | Create | Villager (Male) |
| 4:59 | Create | Villager (Male) |
| 5:28 | Create | Villager (Male) |
| 5:28 | Create | Villager (Male) |
| 5:28 | Create | Villager (Male) |
| 5:29 | Create | Villager (Male) |
| 6:40 | Create | Villager (Male) |
| 6:41 | Create | Villager (Male) |
| 6:48 | Create | Villager (Male) |
| 6:49 | Create | Villager (Male) |
| 6:49 | Create | Villager (Male) |
| 6:49 | Create | Villager (Male) |
| 6:49 | Create | Villager (Male) |
| 6:49 | Create | Villager (Male) |
| 6:59 | Research | Loom |
| 7:36 | Research | Feudal Age |
| 7:50 | Create | Villager (Male) |
| 7:50 | Create | Villager (Male) |
| 8:05 | Build | Barracks |
| 8:08 | Build | House |
| 9:15 | Build | Mining Camp |
| 9:24 | Create | Militia |
| 9:24 | Create | Militia |
| 9:46 | Age | Feudal Age |
| 9:52 | Build | Palisade Wall |
| 10:09 | Create | Villager (Male) |
| 10:09 | Create | Villager (Male) |
| 10:10 | Create | Villager (Male) |
| 10:10 | Create | Villager (Male) |
| 10:35 | Build | House |
| 11:02 | Create | Militia |
| 11:12 | Create | Villager (Male) |
| 11:12 | Create | Villager (Male) |
| 11:30 | Create | Militia |
| 11:49 | Build | House |
| 11:56 | Build | Blacksmith |
| 12:02 | Build | House |
| 12:12 | Build | Farm |
| 12:12 | Build | Farm |
| 12:12 | Build | Farm |
| 12:13 | Build | Farm |
| 12:13 | Build | Farm |
| 12:13 | Build | Farm |
| 12:13 | Build | Farm |
| 12:14 | Build | Farm |
| 12:14 | Build | Farm |
| 12:14 | Build | Farm |
| 12:14 | Build | Farm |
| 12:25 | Research | Wheelbarrow |
| 12:34 | Research | Man-at-Arms (upgrade) |
| 12:45 | Build | Farm |
| 12:51 | Create | Villager (Male) |
| 12:51 | Create | Villager (Male) |
| 12:52 | Create | Villager (Male) |
| 12:52 | Create | Villager (Male) |
| 13:07 | Build | Farm |
| 13:07 | Build | Farm |
| 13:08 | Build | Farm |
| 13:08 | Build | Farm |
| 13:24 | Create | Villager (Male) |
| 13:24 | Create | Villager (Male) |
| 13:36 | Build | Farm |
| 13:36 | Build | Farm |
| 13:36 | Build | Farm |
| 13:38 | Create | Villager (Male) |
| 14:57 | Build | Farm |
| 15:00 | Create | Villager (Male) |
| 15:00 | Create | Villager (Male) |
| 15:06 | Build | Farm |
| 15:06 | Build | Farm |
| 15:07 | Build | Farm |
| 15:07 | Build | Farm |
| 15:26 | Build | Farm |
| 15:26 | Build | Farm |
| 15:26 | Build | Farm |
| 15:26 | Build | Farm |
| 15:31 | Create | Militia |
| 15:31 | Create | Militia |
| 15:31 | Create | Militia |
| 16:00 | Build | Farm |
| 16:00 | Build | Farm |
| 16:00 | Build | Farm |
| 16:10 | Create | Militia |
| 16:13 | Create | Militia |
| 16:33 | Build | Farm |
| 16:33 | Build | Farm |
| 16:34 | Build | Farm |
| 16:34 | Build | Farm |
| 16:34 | Build | Farm |
| 16:34 | Build | Farm |
| 17:03 | Research | Forging |
| 17:07 | Create | Villager (Male) |
| 17:07 | Create | Villager (Male) |
| 17:22 | Build | Farm |
| 17:22 | Build | Farm |
| 17:22 | Build | Farm |
| 17:27 | Build | House |
| 17:29 | Build | House |
| 17:58 | Build | Farm |
| 17:58 | Build | Farm |
| 17:58 | Build | Farm |
| 18:00 | Create | Villager (Male) |
| 18:00 | Create | Villager (Male) |
| 18:26 | Create | Villager (Male) |
| 18:26 | Create | Villager (Male) |
| 19:19 | Build | Market |
| 19:30 | Create | Militia |
| 19:30 | Create | Militia |
| 19:42 | Create | Villager (Male) |
| 20:07 | Build | House |
| 20:09 | Build | House |
| 20:27 | Build | Mining Camp |
| 20:31 | Research | Castle Age |
| 20:41 | Create | Militia |
| 20:41 | Create | Militia |
| 20:53 | Build | House |
| 20:55 | Build | House |
| 21:02 | Create | Villager (Male) |
| 21:03 | Create | Villager (Male) |
| 21:21 | Build | House |
| 22:02 | Create | Militia |
| 22:02 | Create | Militia |
| 22:36 | Create | Villager (Male) |
| 22:37 | Create | Villager (Male) |
| 22:37 | Create | Villager (Male) |
| 22:48 | Create | Villager (Male) |
| 22:53 | Research | Scale Mail Armor |
| 23:11 | Age | Castle Age |
| 23:18 | Build | Town Center |
| 23:21 | Create | Villager (Male) |
Build order — Zylco
147 actions detected in the replay
| 0:01 | Create | Villager (Male) ×4 |
| 0:01 | Create | Villager (Male) ×4 |
| 0:04 | Build | House |
| 0:05 | Build | House |
| 1:30 | Create | Villager (Male) |
| 1:30 | Create | Villager (Male) |
| 2:12 | Create | Villager (Male) |
| 2:12 | Create | Villager (Male) |
| 2:44 | Create | Villager (Male) |
| 2:44 | Create | Villager (Male) |
| 2:44 | Create | Villager (Male) |
| 2:44 | Create | Villager (Male) |
| 2:45 | Create | Villager (Male) |
| 3:17 | Build | Lumber Camp |
| 3:30 | Create | Villager (Male) |
| 3:30 | Create | Villager (Male) |
| 3:30 | Create | Villager (Male) |
| 3:46 | Create | Villager (Male) |
| 3:47 | Create | Villager (Male) |
| 3:55 | Build | House |
| 3:57 | Create | Villager (Male) |
| 3:58 | Create | Villager (Male) |
| 4:27 | Build | House |
| 4:29 | Create | Villager (Male) |
| 4:29 | Create | Villager (Male) |
| 4:29 | Create | Villager (Male) |
| 5:09 | Create | Villager (Male) |
| 5:09 | Create | Villager (Male) |
| 5:09 | Create | Villager (Male) |
| 5:12 | Research | Loom |
| 5:54 | Build | Mill |
| 7:46 | Build | Barracks |
| 8:14 | Create | Villager (Male) |
| 8:14 | Create | Villager (Male) |
| 8:40 | Build | Palisade Wall |
| 8:51 | Build | Mining Camp |
| 8:53 | Create | Villager (Male) |
| 9:11 | Build | Palisade Wall |
| 9:12 | Research | Feudal Age |
| 9:36 | Build | Lumber Camp |
| 9:42 | Build | Palisade Wall |
| 10:22 | Build | Mill |
| 10:55 | Build | House |
| 10:56 | Build | House |
| 11:02 | Build | Palisade Wall |
| 11:22 | Create | Villager (Male) |
| 11:23 | Create | Villager (Male) |
| 11:23 | Create | Villager (Male) |
| 11:39 | Age | Feudal Age |
| 11:44 | Research | Double-Bit Axe |
| 11:50 | Build | Farm |
| 11:51 | Build | Farm |
| 11:51 | Build | Farm |
| 11:52 | Build | Farm |
| 11:53 | Build | Farm |
| 12:08 | Build | Farm |
| 12:25 | Create | Villager (Male) |
| 12:37 | Build | Farm |
| 12:54 | Research | Horse Collar |
| 12:54 | Research | Horse Collar |
| 12:59 | Build | Farm |
| 13:06 | Create | Villager (Male) |
| 13:07 | Create | Villager (Male) |
| 13:19 | Build | Stable |
| 13:36 | Create | Villager (Male) |
| 13:36 | Create | Villager (Male) |
| 13:56 | Create | Villager (Male) |
| 13:56 | Create | Villager (Male) |
| 13:56 | Create | Villager (Male) |
| 14:07 | Build | Farm |
| 14:10 | Build | Farm |
| 14:13 | Build | Farm |
| 14:16 | Build | Farm |
| 14:19 | Build | Farm |
| 14:30 | Create | Villager (Male) |
| 15:00 | Create | Villager (Male) |
| 15:03 | Build | Farm |
| 15:22 | Build | Blacksmith |
| 15:29 | Build | Farm |
| 15:32 | Create | Villager (Male) |
| 15:35 | Research | Bloodlines |
| 16:07 | Build | Farm |
| 16:13 | Create | Villager (Male) |
| 16:32 | Create | Villager (Male) |
| 16:36 | Build | Farm |
| 16:38 | Build | Farm |
| 16:43 | Build | Farm |
| 16:47 | Build | Farm |
| 16:51 | Create | Villager (Male) |
| 17:10 | Research | Town Watch |
| 17:13 | Create | Villager (Male) |
| 17:14 | Create | Villager (Male) |
| 17:19 | Build | House |
| 17:30 | Create | Villager (Male) |
| 17:31 | Create | Villager (Male) |
| 17:51 | Build | Farm |
| 18:44 | Build | House |
| 18:46 | Build | House |
| 19:22 | Research | Castle Age |
| 19:38 | Research | Gold Mining |
| 19:46 | Build | Mining Camp |
| 20:16 | Create | Villager (Male) |
| 20:20 | Create | Villager (Male) |
| 20:42 | Build | Archery Range |
| 20:43 | Build | Archery Range |
| 20:46 | Research | Fletching |
| 20:46 | Research | Padded Archer Armor |
| 20:57 | Build | Archery Range |
| 21:07 | Create | Villager (Male) ×5 |
| 21:32 | Research | Stone Mining |
| 22:01 | Age | Castle Age |
| 22:05 | Research | Thumb Ring |
| 22:07 | Research | Bodkin Arrow |
| 22:07 | Research | Leather Archer Armor |
| 22:20 | Research | Bow Saw |
| 22:52 | Create | Cavalry Archer ×4 |
| 22:58 | Create | Cavalry Archer |
| 22:58 | Create | Cavalry Archer |
| 23:05 | Create | Cavalry Archer ×3 |
| 23:33 | Build | House |
| 23:33 | Build | House |
| 23:33 | Build | House |
| 23:34 | Build | House |
| 23:34 | Build | House |
| 23:34 | Build | House |
| 23:35 | Build | House |
| 23:35 | Build | House |
| 23:42 | Build | Monastery |
| 23:46 | Create | Cavalry Archer ×2 |
| 23:46 | Create | Cavalry Archer ×2 |
| 23:50 | Research | Husbandry |
| 24:09 | Build | House |
| 24:17 | Create | Cavalry Archer ×3 |
| 24:17 | Create | Cavalry Archer ×3 |
| 24:42 | Build | Town Center |
| 24:50 | Create | Villager (Male) |
| 24:50 | Create | Villager (Male) |
| 24:57 | Create | Cavalry Archer ×2 |
| 24:57 | Create | Cavalry Archer ×2 |
| 26:20 | Create | Villager (Male) ×5 |
| 26:21 | Create | Villager (Male) ×5 |
| 26:29 | Create | Cavalry Archer ×3 |
| 26:30 | Create | Cavalry Archer ×3 |
| 26:49 | Create | Cavalry Archer |
| 26:49 | Create | Cavalry Archer |
| 27:01 | Build | Town Center |
| 27:10 | Research | Gold Shaft Mining |
Build order — greg.e.schmitt
123 actions detected in the replay
| 0:02 | Create | Villager (Male) |
| 0:10 | Build | House |
| 0:11 | Build | House |
| 0:26 | Create | Villager (Male) |
| 0:35 | Create | Villager (Male) |
| 1:09 | Create | Villager (Male) |
| 1:34 | Create | Villager (Male) |
| 2:10 | Create | Villager (Male) |
| 2:27 | Build | Lumber Camp |
| 2:45 | Build | Lumber Camp |
| 2:49 | Create | Villager (Male) |
| 3:18 | Create | Villager (Male) |
| 3:47 | Create | Villager (Male) |
| 4:04 | Build | House |
| 4:45 | Build | Mill |
| 4:52 | Create | Villager (Male) |
| 5:22 | Create | Villager (Male) |
| 5:24 | Create | Villager (Male) |
| 5:52 | Build | Mill |
| 5:56 | Create | Villager (Male) |
| 6:28 | Create | Villager (Male) |
| 6:44 | Build | House |
| 6:58 | Create | Villager (Male) |
| 7:23 | Build | Barracks |
| 7:45 | Create | Villager (Male) |
| 7:48 | Create | Villager (Male) |
| 9:57 | Build | Palisade Wall |
| 10:02 | Research | Feudal Age |
| 11:06 | Create | Militia |
| 11:07 | Create | Militia |
| 11:08 | Create | Militia |
| 11:20 | Age | Feudal Age |
| 11:24 | Build | Mining Camp |
| 11:27 | Create | Villager (Male) |
| 11:27 | Create | Villager (Male) |
| 11:45 | Create | Villager (Male) |
| 11:57 | Build | House |
| 11:58 | Build | House |
| 12:22 | Build | Farm |
| 12:32 | Create | Villager (Male) |
| 12:33 | Create | Villager (Male) |
| 12:58 | Build | Farm |
| 13:13 | Build | Farm |
| 13:18 | Build | Farm |
| 13:22 | Build | Farm |
| 13:43 | Create | Militia |
| 13:44 | Create | Militia |
| 14:19 | Create | Militia |
| 14:19 | Create | Militia |
| 14:42 | Create | Villager (Male) |
| 14:42 | Create | Villager (Male) |
| 14:43 | Create | Villager (Male) |
| 14:43 | Create | Villager (Male) |
| 14:57 | Build | Farm |
| 15:00 | Build | Farm |
| 15:02 | Build | Farm |
| 15:05 | Build | Farm |
| 15:13 | Build | Farm |
| 15:16 | Build | Farm |
| 15:17 | Build | Farm |
| 15:31 | Create | Militia |
| 15:36 | Build | Farm |
| 15:41 | Create | Villager (Male) |
| 15:55 | Build | Archery Range |
| 16:36 | Build | Farm |
| 17:03 | Build | Palisade Wall |
| 17:20 | Create | Archer |
| 17:27 | Build | House |
| 17:28 | Build | House |
| 17:42 | Create | Villager (Male) |
| 17:42 | Create | Villager (Male) |
| 17:42 | Create | Villager (Male) |
| 17:55 | Create | Spearman |
| 17:56 | Create | Spearman |
| 17:56 | Create | Spearman |
| 17:56 | Create | Spearman |
| 18:26 | Research | Double-Bit Axe |
| 18:43 | Create | Militia |
| 18:44 | Create | Militia |
| 18:44 | Create | Militia |
| 18:55 | Create | Militia |
| 18:56 | Create | Militia |
| 19:00 | Create | Villager (Male) |
| 19:01 | Create | Villager (Male) |
| 19:01 | Create | Villager (Male) |
| 19:01 | Create | Villager (Male) |
| 19:30 | Create | Villager (Male) |
| 19:30 | Create | Villager (Male) |
| 19:44 | Build | Palisade Wall |
| 19:58 | Research | Horse Collar |
| 20:04 | Create | Militia |
| 20:32 | Build | Blacksmith |
| 20:38 | Create | Villager (Male) |
| 20:39 | Create | Villager (Male) |
| 20:54 | Create | Villager (Male) |
| 20:55 | Create | Villager (Male) |
| 21:12 | Build | Farm |
| 21:21 | Create | Archer |
| 21:21 | Create | Archer |
| 21:22 | Create | Archer |
| 21:22 | Create | Archer |
| 21:22 | Create | Archer |
| 21:23 | Create | Archer |
| 21:50 | Build | Farm |
| 22:19 | Build | Palisade Wall |
| 22:44 | Build | House |
| 22:45 | Build | House |
| 23:08 | Build | Farm |
| 23:25 | Research | Forging |
| 23:30 | Create | Villager (Male) |
| 23:30 | Create | Villager (Male) |
| 23:52 | Build | Farm |
| 24:29 | Build | Farm |
| 25:45 | Research | Man-at-Arms (upgrade) |
| 25:50 | Research | Castle Age |
| 25:55 | Create | Archer |
| 25:55 | Create | Archer |
| 25:55 | Create | Archer |
| 25:56 | Create | Archer |
| 25:56 | Create | Archer |
| 26:15 | Create | Militia |
| 26:15 | Create | Militia |
| 26:16 | Create | Militia |
Match timeline
| 6:20 | cranks · wall_segment Palisade Wall x9 |
| 6:25 | cranks · wall_segment Palisade Wall x11 |
| 6:25 | cranks · wall_segment Palisade Wall x1 |
| 6:27 | cranks · wall_segment Palisade Wall x1 |
| 6:30 | cranks · wall_segment Palisade Wall x7 |
| 7:23 | greg.e.schmitt · first_building Barracks |
| 7:46 | Zylco · first_building Barracks |
| 8:05 | hjvm1996 · first_building Barracks |
| 8:40 | Zylco · wall_segment Palisade Wall x1 |
| 9:11 | Zylco · wall_segment Palisade Wall x1 |
| 9:42 | Zylco · wall_segment Palisade Wall x8 |
| 9:46 | hjvm1996 · age_up feudal |
| 9:52 | hjvm1996 · wall_segment Palisade Wall x11 |
| 9:57 | greg.e.schmitt · wall_segment Palisade Wall x27 |
| 11:02 | Zylco · wall_segment Palisade Wall x1 |
| 11:20 | greg.e.schmitt · age_up feudal |
| 11:39 | Zylco · age_up feudal |
| 13:09 | cranks · age_up feudal |
| 13:19 | Zylco · first_building Stable |
| 15:55 | greg.e.schmitt · first_building Archery Range |
| 16:19 | cranks · first_building Barracks |
| 17:03 | greg.e.schmitt · wall_segment Palisade Wall x3 |
| 17:59 | cranks · age_up castle |
| 18:19 | cranks · first_building Siege Workshop |
| 19:44 | greg.e.schmitt · wall_segment Palisade Wall x1 |
| 20:42 | Zylco · first_building Archery Range |
| 22:01 | Zylco · age_up castle |
| 22:19 | greg.e.schmitt · wall_segment Palisade Wall x4 |
| 23:11 | hjvm1996 · age_up castle |
| 23:42 | Zylco · first_building Monastery |
| 24:07 | hjvm1996 · first_building Castle |
| 27:07 | cranks · resign |
[ AI ANALYSIS · 1 CREDIT ]
What really happened in this match?
Wolo.gg analyzes every decision: build order, eco, micro, common mistakes by bracket. Personalized analysis on WhatsApp or Discord in 30 seconds.
Civ guide
Japanese
Map guide
Socotra
Perfil
cranks